 Dungeon Crawl Stone Soup version 0.30-a0-738-g116ff8c4af (webtiles) character file.

Game seed: 7923703647758948317

756 avis the Shooter (level 7, -1/55 (59) HPs)
             Began as a Demigod Hunter on Feb 3, 2023.
             Slain by a wight
             ... wielding a +4 flail
              (5 damage)
             ... on level 5 of the Dungeon on Feb 4, 2023.
             The game lasted 00:20:35 (3952 turns).

avis the Shooter (Demigod Hunter)                   Turns: 3952, Time: 00:20:35

HP:   -1/55 (59)    AC:  7    Str: 12    XL:     7   Next: 25%
MP:   9/9           EV: 14    Int: 17    God:
Gold: 265           SH:  0    Dex: 25    Spells: 6/6 levels left

rFire   . . .      SeeInvis .    b - +3 sling
rCold   . . .      Faith    .    (no shield)
rNeg    . . .      Spirit   .    x - +3 leather armour
rPois   .          Reflect  .    (no helmet)
rElec   .          Harm     .    K - +0 cloak
rCorr   .          Rampage  .    (no gloves)
Will    .....                    (no boots)
Stlth   ++                       (no amulet)
HPRegen 0.29/turn                q - +6 ring of intelligence
MPRegen 0.11/turn                G - ring of flight

@: flying, drained
A: high MP 1, forlorn, divine attributes
a: no special abilities


You were on level 5 of the Dungeon.
You visited 1 branch of the dungeon, and saw 5 of its levels.

You collected 265 gold pieces.

Inventory:

Hand Weapons
 a - the +6 short sword "Zorr" {venom, rPois}
   (You found it on level 3 of the Dungeon)

   rPois:     It protects you from poison.
 b - a +3 sling (weapon)
 p - a +1 whip of distortion
 t - a +0 short sword
 w - a +0 shortbow
 A - a +2 flail of venom
Missiles
 k - 11 poisoned darts
 o - 2 throwing nets
 B - 3 boomerangs
Armour
 c - a +0 leather armour
 v - a +2 robe
 x - a +3 leather armour (worn)
 y - a +0 ring mail of cold resistance
 K - a +0 cloak (worn)
 M - a +0 pair of gloves
Magical Staves
 E - a staff of death
 F - a staff of poison
Jewellery
 q - a +6 ring of intelligence (left hand)
 D - a +6 ring of strength
 G - a ring of flight (right hand)
Wands
 L - a wand of quicksilver (4)
Scrolls
 d - 2 scrolls of magic mapping {unknown}
 e - 2 scrolls of enchant armour {unknown}
 f - a scroll of enchant weapon {unknown}
 h - a scroll of noise {unknown}
 l - 5 scrolls of teleportation {unknown}
 n - 2 scrolls of identify {unknown}
 s - 3 scrolls of immolation
 C - a scroll of blinking {unknown}
 I - a scroll of poison {unknown}
 J - a scroll of torment {unknown}
Potions
 g - a potion of lignification {unknown}
 i - a potion of magic {unknown}
 j - a potion of heal wounds
 m - 2 potions of curing
 r - 2 potions of brilliance {unknown}
 u - a potion of berserk rage {unknown}
 z - a potion of attraction {unknown}
 H - a potion of might {unknown}
 N - a potion of flight {unknown}


   Skills:
 - Level 4.0 Fighting
 * Level 6.5 Ranged Weapons
 - Level 4.0 Dodging
 - Level 2.0 Stealth


You had 6 spell levels left.
You didn't know any spells.
Your spell library contained the following spells:

 Spells                   Type           Power      Damage    Failure   Level
 Foxfire                  Conj/Fire      0%         2x1d4     30%         1
 Shock                    Conj/Air       0%         1d3       30%         1
 Swiftness                Air            0%         N/A       65%         3
 Airstrike                Air            0%         2d(0-16)  96%         4
 Fireball                 Conj/Fire      0%         3d3       100%        5
 Starburst                Conj/Fire      0%         6d3       100%        6


Dungeon Overview and Level Annotations

Branches:
Dungeon (5/15)
 Temple: D:4-7

Annotations:
D:4 1 runed translucent door, retardedninja's ghost, novice GrFi


Innate Abilities, Weirdness & Mutations

You have an increased reservoir of magic. (+10% MP)
You shall have no god before yourself.
Your divine heritage dramatically boosts your attributes as you level up.


Message History

You shoot a sling bullet.
The sling bullet closely misses the wight.
The sling bullet hits the wight.
The wight is severely damaged.
The wight completely misses you. The wight hits you with a +4 flail.
You feel drained.
Fire: b) +3 sling
Press: ? - help, Q - select action, (/) - cycle Shift-Dir - straight line, f/p - wight
Aim: a wight, wielding a +1 hand axe and wearing a +0 robe (severely damaged, 70% to hit)
You shoot a sling bullet. The sling bullet hits the wight.
The wight is severely damaged.
The wight hits you with a +4 flail!
The wight hits you from afar with a +5 halberd of freezing.
You feel drained. The wight freezes you.
Fire: b) +3 sling
Press: ? - help, Q - select action, (/) - cycle Shift-Dir - straight line, f/p - wight
Aim: a wight, wielding a +1 hand axe and wearing a +0 robe (severely damaged, 70% to hit)
You shoot a sling bullet.
The sling bullet completely misses the wight.
The sling bullet barely misses the wight.
The wight closely misses you. The wight completely misses you.
Fire: b) +3 sling
Press: ? - help, Q - select action, (/) - cycle Shift-Dir - straight line, f/p - wight
Aim: a wight, wielding a +1 hand axe and wearing a +0 robe (severely damaged, 70% to hit)
You shoot a sling bullet. The sling bullet hits the wight.
The wight is severely damaged.
The wight hits you with a +4 flail! The wight barely misses you.
Fire: b) +3 sling
Press: ? - help, Q - select action, (/) - cycle Shift-Dir - straight line, f - wight, p - wight
Aim: a wight, wielding a +4 flail and wearing a +0 robe (severely damaged, 70% to hit)
You shoot a sling bullet.
The sling bullet closely misses the wight.
The sling bullet hits the wight but does no damage.
The wight is severely damaged.
The wight hits you from afar with a +5 halberd of freezing!!
* * * LOW HITPOINT WARNING * * *
The wight freezes you.
* * * LOW HITPOINT WARNING * * *
The wight hits you with a +4 flail.
You die...

....##....#..#.#
................ .....
............##.# ....# .
....##....####.##....#..
.......................
.##.###..............# #
#............##....#
#..........#z##....#
..............zz@[#
....##.......#z##.......
.... #.......#.# .......
... ##.......#.# ###....
.. .......z.#.######.##
..
....z.##.#.#....#.##.#.#.
...z. #...†....+.. .....
.... ###.#....#.......
... ...
...#....#.##.#.#....


You could see 4 wights.

Vanquished Creatures
  Sigmund (D:3)
  An ogre (D:5)
  A phantom (D:5)
  A scorpion (D:5)
  A hound (D:5)
  3 orc priests
  4 orc wizards
  4 gnolls (D:3)
  4 adders
  An ufetubus (D:4)
  A worm (D:2)
  3 dart slugs
  10 orcs
  A ball python (D:2)
  4 endoplasms
  2 giant cockroaches (D:3)
  5 hobgoblins
  6 quokkas
  3 bats
  6 goblins
  6 kobolds
  8 rats
76 creatures vanquished.

Vanquished Creatures (others)
  43 plants (D:2)
43 creatures vanquished.

Grand Total: 119 creatures vanquished

Notes
Turn   | Place    | Note
-------+----------+-------------------------------------------
     0 | D:1      | avis the Demigod Hunter began the quest for the Orb.
     0 | D:1      | Reached XP level 1. HP: 17/17 MP: 3/3
   357 | D:1      | Reached skill level 4 in Ranged Weapons
   374 | D:1      | Reached XP level 2. HP: 24/24 MP: 4/4
   871 | D:2      | Reached skill level 1 in Stealth
  1201 | D:2      | Reached XP level 3. HP: 30/30 MP: 5/5
  1843 | D:3      | Identified the +6 short sword "Zorr" {venom, rPois}
  1916 | D:3      | Noticed Sigmund
  1927 | D:3      | Killed Sigmund
  1928 | D:3      | Reached skill level 5 in Ranged Weapons
  1928 | D:3      | Reached XP level 4. HP: 32/38 MP: 6/6
  1928 | D:3      | Reached XP level 5. HP: 38/45 MP: 7/7
  1962 | D:3      | Reached skill level 6 in Ranged Weapons
  2204 | D:3      | Reached XP level 6. HP: 51/51 MP: 8/8
  2805 | D:4      | Found a runed translucent door.
  3417 | D:4      | Noticed retardedninja's ghost (novice GrFi)
  3470 | D:5      | Entered Level 5 of the Dungeon
  3698 | D:5      | Reached XP level 7. HP: 41/58 MP: 9/9
  3952 | D:5      | Slain by a wight

Illustrated notes

Levels and vault maps discovered:
D:1:      evilmike_arrival_rings, layout_basic,
          hellmonk_ecumenical_altar_run_dry, serial_bayou_lagoon_a
D:2:      wad_woods_stonehenge, layout_basic
D:3:      layout_rooms, mainiacjoe_overflow_six_doors_small,
          mainiacjoe_overflow_catwalk_spiral, serial_aquarium,
          aquarium_bridge_square [aquarium_subvault_bridge,
          aquarium_subvault_bridge, aquarium_subvault_bridge,
          aquarium_subvault_bridge], aquarium_bridge_long_joined
          [aquarium_subvault_wall, aquarium_subvault_bridge,
          aquarium_subvault_balcony, aquarium_subvault_window,
          aquarium_subvault_bridge, aquarium_subvault_wall], aquarium_window_1,
          aquarium_window_corner, aquarium_window_1, aquarium_window_1,
          aquarium_view_4, aquarium_balcony_double_2, palyth_stone_intersect,
          uniq_sigmund
D:4:      layout_basic, mainiacjoe_overflow_alcove_1,
          nicolae_dithmenos_through_a_glass_darkly,
          ebering_ghost_reflecting_pool
D:5:      layout_basic

Skill      XL: |  1  2  3  4  5  6  7 |
---------------+----------------------+-----
Fighting       | 2 3 4 |  4.0
Ranged Weapons | 4 5 6 |  6.5
Dodging        | 2 4 |  4.0
Stealth        | 1 2 |  2.0

Action                     |  1- 3 |  4- 6 |  7- 9 || total
---------------------------+-------+-------+-------++-------
  Melee: Short sword       |     2 |    22 |    15 ||    39
   Fire: Shortbow          |   104 |       |       ||   104
         Sling             |    18 |    79 |    21 ||   118
    Use: Potion            |     1 |       |     1 ||     2
 Armour: Leather armour    |    14 |    11 |     3 ||    28
  Dodge: Dodged            |    35 |    33 |    17 ||    85

Table legend: (Time is in decaauts)
 A = Elapsed time spent in this place.
 B = Non-inter-level travel time spent in this place.
 C = Inter-level travel time spent in this place.
 D = Time resting spent in this place.
 E = Time spent auto-exploring this place.
 F = Levels seen in this place.
 G = Mean time per level.
                   A        B        C        D        E       F      G
               +--------+--------+--------+--------+--------+-----+--------+
         Total |   4002 |   3468 |    534 |    161 |   2400 |   5 |  800.4 |
       Dungeon |   4002 |   3468 |    534 |    161 |   2400 |   5 |  800.4 |
               +--------+--------+--------+--------+--------+-----+--------+

Top non-repeatable levels by time:
     D:4: 1027 daAuts
     D:2: 932 daAuts
     D:1: 904 daAuts
     D:3: 760 daAuts
     D:5: 378 daAuts
